Description

i love Ryung1

Replay - a테프전 3병영

Build Order

Get SALT Encoding   

  12  0:00  SCV  
  13  0:12  SCV  
  14  0:16  Supply Depot  
  14  0:24  SCV  
  15  0:38  SCV  
  15  0:40  Barracks  
  16  0:42  Refinery  
  16  0:50  SCV  
  17  1:02  SCV  
  18  1:14  SCV  
  19  1:27  Orbital Command, Marine  
  20  1:40  Command Center  
  20  1:45  Barracks Reactor  
  20  1:54  SCV, Supply Depot  
  21  2:06  SCV  
  22  2:08  Barracks  
  22  2:18  SCV  
  22  2:21  Marine x2  
  25  2:30  SCV  
  25  2:33  Barracks, Bunker  
  26  2:39  Marine x2  
  26  2:42  SCV  
  29  2:53  Orbital Command  
  29  2:54  SCV  
  29  2:57  Barracks Tech Lab  
  29  2:58  Refinery  
  30  3:00  Marine x2  
  32  3:07  SCV  
  33  3:15  Stimpack  
  33  3:16  Marine  
  33  3:19  SCV x2  
  36  3:24  Barracks Tech Lab  
  36  3:25  Marine x2  
  38  3:31  Supply Depot  
  38  3:32  SCV x2  
  40  3:35  Marine  
  41  3:41  Combat Shield  
  41  3:42  Marine  
  41  3:43  Marine x2  
  41  3:45  SCV x2  
  46  3:51  Supply Depot  
  46  3:57  SCV x2  
  46  4:00  Marauder  
  46  4:01  Marauder  
  46  4:02  Marine x2  
  54  4:07  Supply Depot  
  54  4:13  SCV x2  
  56  4:20  Marine x3  
  56  4:21  Marine  
  60  4:24  Factory  
  60  4:26  SCV x2  
  62  4:33  Refinery  
  62  4:35  Engineering Bay  
  62  4:38  Supply Depot  
  62  4:40  SCV x2  
  62  4:42  Marine x3  
  62  4:43  Marine  
  68  4:53  SCV x2  
  68  4:55  Concussive Shells  
  70  5:00  Marine x3  
  70  5:01  Marine  
  70  5:04  Terran Infantry Weapons Level 1  
  74  5:10  Starport  
  74  5:11  Factory Reactor  
  74  5:15  SCV x2  
  74  5:16  Supply Depot  
  76  5:21  Supply Depot  
  76  5:27  Barracks  
  76  5:28  Barracks, SCV x2  
  78  5:38  Marine x4  
  78  5:40  Supply Depot  
  82  5:43  SCV x2, Supply Depot  
  82  5:45  Refinery  
  84  5:55  Medivac x2  
  84  5:56  Factory Reactor, Marauder x2  
Spawning Tool Build Advisor. Get it on Overwolf

Go to:

Details

  • Created by: koreansc2community우마갤
  • Published on: Apr 12, 2021
  • Modified on: Jul 09, 2021
  • Patch: 4.11.0
  • Difficulty: Medium
Show
View Real Time Build Order
Export as new Build Order

Comments (0)

There are no comments. Be the first!

Create an account to comment!